 Dungeon Crawl Stone Soup version bcrawl-1.20.1-3-gdcb1fc31ed (webtiles) character file.

Game seed: 5036447237353534939

63 Freyura the Twirler (level 3, 0/28 HPs)
             Began as a Demonspawn Gladiator on Feb 4, 2020.
             Slain by a gnoll
             ... wielding a +1 dagger of chaos
              (1 damage)
             ... on level 3 of the Dungeon.
             The game lasted 00:03:43 (1756 turns).

Freyura the Twirler (Demonspawn Gladiator)          Turns: 1756, Time: 00:03:43

Health: 0/28       AC:  5    Str: 14    XL:     3   Next: 89%
Magic:  3/3        EV: 12    Int:  9    God:
Gold:   148        SH:  0    Dex: 15    Spells: 2/2 levels left

rFire    + . .     SeeInvis .   a - +0 quarterstaff
rCold    + . .     Gourm    .   (shield currently unavailable)
rNeg     . . .     Faith    .   j - +0 ring mail
rPois    .         Spirit   .   (helmet restricted)
rElec    .         Reflect  .   (no cloak)
rCorr    .         Harm     .   (no gloves)
MR       .....                  (no boots)
Stlth    +.........             (no amulet)
HPRegen  0.09/turn              n - ring of protection from cold
MPRegen  0.08/turn              (no ring)

@: lightly drained
A: horns 1, fire resistance 1
a: no special abilities


You were on level 3 of the Dungeon.
You were not hungry.

You visited 1 branch of the dungeon, and saw 3 of its levels.

You collected 148 gold pieces.

Inventory:

Hand Weapons
 a - a +0 quarterstaff (weapon)
Missiles
 d - 3 throwing nets (quivered) {!f}
Armour
 j - a +0 ring mail (worn)
 o - a +0 chain mail
Jewellery
 n - a ring of protection from cold (left hand)
Scrolls
 b - a scroll of identify
 g - 3 scrolls of remove curse
Potions
 i - a potion of brilliance {unknown}
 l - a potion of curing {unknown}
Comestibles
 e - 5 rations {!d}


   Skills:
 + Level 2.5(2.2) Fighting
 * Level 3.4(3.2) Staves
 - Level 1.7(1.5) Throwing
 + Level 1.2(0.9) Armour
 + Level 3.1(2.8) Dodging


You had 2 spell levels left.
You didn't know any spells.
Your spell library contained the following spells:

 Spells                   Type           Power        Failure   Level  Hunger
 Apportation              Tloc           #.....       63%         1    ##.....
 Infusion                 Chrm           #.......     63%         1    ##.....
 Sandblast                Erth           #.....       63%         1    ##.....
 Slow                     Hex            #.......     63%         1    ##.....
 Summon Butterflies       Summ           #.......     63%         1    ##.....


Dungeon Overview and Level Annotations

Branches:
Dungeon (3/12)

Altars:

Annotations:
D:3 Natasha


Innate Abilities, Weirdness & Mutations

You have a pair of small horns on your head.
Your flesh is heat resistant. (rF+)


Message History

* * * LOW HITPOINT WARNING * * *
You are too injured to fight recklessly!
You are too injured to fight recklessly!
You are too injured to fight recklessly!
You are too injured to fight recklessly!
The orc hits you with a +0 war axe of electrocution.
* * * LOW HITPOINT WARNING * * *
You feel much better. The orc barely misses you.
You sock the orc!
You kill the orc!
The gnoll hits you with a +1 dagger of chaos!
You convulse!
* * * LOW HITPOINT WARNING * * *
The gnoll closely misses you.
Things that are here:
a +0 war axe of electrocution; an orc corpse The gnoll hits you with a +1 dagger of chaos.
* * * LOW HITPOINT WARNING * * *
You feel drained.
You die...

####
#.##########....#
...# ≈ #.......#
...# #..
#.#.##### ...#
#..#.. #.# ...#
#.>#.###.# ##.+
#..#.....#
#..####..#
#..####..#
#####..#.@)..#
..........g.##
......##.####
##### ...# #####


You could see a gnoll.

Vanquished Creatures
  An ooze (D:2)
  A dart slug (D:2)
  2 orcs (D:3)
  4 giant cockroaches
  8 hobgoblins
  10 jackals
  2 quokkas (D:2)
  4 bats (D:1)
  3 frilled lizards
  5 goblins (D:1)
  6 kobolds
  2 rats
48 creatures vanquished.

Notes
Turn   | Place    | Note
-------+----------+-------------------------------------------
     0 | D:1      | Freyura the Demonspawn Gladiator began the quest for the
                  | Orb.
     0 | D:1      | Reached XP level 1. HP: 16/16 MP: 1/1
   229 | D:1      | Gained mutation: Your flesh is heat resistant. (rF+)
                  | [demonic ancestry]
   229 | D:1      | Reached XP level 2. HP: 22/22 MP: 2/2
   841 | D:2      | Gained mutation: You have a pair of small horns on your
                  | head. [demonic ancestry]
   841 | D:2      | Reached XP level 3. HP: 21/28 MP: 3/3
  1232 | D:2      | Reached skill level 1 in Armour
  1717 | D:3      | Noticed Natasha
  1756 | D:3      | HP: 1/28 [gnoll/+1 dagger of chaos (5)]
  1756 | D:3      | Slain by a gnoll

Skill      XL: |  1  2  3 |
---------------+----------+-----
Staves         | 3 |  3.4
Dodging        | 3 |  3.1
Armour         | 1 |  1.2
Fighting       | |  2.5
Throwing       | |  1.7

Action                   || total
-------------------------++-------
Melee: Quarterstaff      ||   119
       Headbutt          ||     7
  Use: Scroll            ||     6
       Potion            ||     1
  Eat: Chunk             ||     3
Armor: Leather armour    ||    21
       Ring mail         ||    10
Dodge: Dodged            ||    88
